 Dungeon Crawl Stone Soup version 0.29-a0-512-gf59ac788ac (webtiles) character file.

Game seed: 13030747819660568822

1124 Pelinal the Cleaver (level 8, -8/58 (66) HPs)
             Began as a Hill Orc Fighter on May 30, 2022.
             Was an Initiate of Nemelex Xobeh.
             Mangled by a wight
             ... wielding a +3 battleaxe of freezing
              (9 damage)
             ... on level 6 of the Dungeon.
             The game lasted 00:05:49 (5560 turns).

Pelinal the Cleaver (Hill Orc Fighter)              Turns: 5560, Time: 00:05:50

HP:   -8/58 (66)    AC: 11    Str: 21    XL:     8   Next: 35%
MP:   8/8           EV: 10    Int:  8    God:    Nemelex Xobeh [......]
Gold: 241           SH:  0    Dex: 10    Spells: 7/7 levels left

rFire   . . .      SeeInvis .   C - +5 battleaxe (freeze)
rCold   . . .      Faith    .   (shield currently unavailable)
rNeg    . . .      Spirit   .   y - +3 ring mail
rPois   .          Reflect  .   d - +0 helmet
rElec   .          Harm     .   z - +0 cloak
rCorr   .          Rampage  .   (no gloves)
Will    .....                   (no boots)
Stlth   ..........              (no amulet)
HPRegen 0.19/turn               (no ring)
MPRegen 0.11/turn               (no ring)

@: about to teleport, heavily drained
A: no striking features
a: Renounce Religion, Draw Escape, Draw Destruction, Draw Summoning


You were on level 6 of the Dungeon.
You worshipped Nemelex Xobeh.
Nemelex Xobeh was noncommittal.
You visited 2 branches of the dungeon, and saw 7 of its levels.

You collected 241 gold pieces.

Inventory:

Hand Weapons
 a - a +0 war axe
 C - a +5 battleaxe of freezing (weapon)
Armour
 c - a +0 buckler
 d - a +0 helmet (worn)
 w - a +0 plate armour
 x - a +0 chain mail
 y - a +3 ring mail (worn)
 z - a +0 cloak (worn)
Jewellery
 l - a ring of ice
 A - a ring of wizardry
Wands
 b - a wand of mindburst (11)
 p - a wand of acid (4)
Scrolls
 f - a scroll of magic mapping {unknown}
 g - a scroll of vulnerability {unknown}
 h - 2 scrolls of teleportation
 i - a scroll of enchant weapon {unknown}
 j - a scroll of noise
 m - a scroll of brand weapon {unknown}
 q - a scroll of summoning {unknown}
 r - 5 scrolls of identify {unknown}
 s - 2 scrolls of poison {unknown}
 u - a scroll of fog {unknown}
 v - a scroll of enchant armour {unknown}
Potions
 e - a potion of curing {unknown}
 k - 2 potions of haste {unknown}
 n - 3 potions of heal wounds {unknown}
 o - a potion of lignification {unknown}
 t - a potion of attraction {unknown}
 B - a potion of flight {unknown}


   Skills:
 + Level 4.2 Fighting
 * Level 12.0 Axes
 + Level 3.8 Armour
 + Level 3.8 Shields


You had 7 spell levels left.
You didn't know any spells.
Your spell library contained the following spells:

 Spells                   Type           Power      Damage    Failure   Level
 Foxfire                  Conj/Fire      0%         2x1d4     56%         1
 Sandblast                Erth           0%         2d4       56%         1
 Sting                    Tmut/Pois      0%         1d3       56%         1
 Passwall                 Tmut/Erth      0%         N/A       71%         2
 Poisonous Vapours        Pois/Air       0%         N/A       71%         2
 Conjure Flame            Conj/Fire      0%         6-21      91%         3
 Inner Flame              Hex/Fire       0%         N/A       91%         3
 Stone Arrow              Conj/Erth      0%         3d7       91%         3
 Flame Wave               Conj/Fire      0%         2d4       100%        4
 Olgreb's Toxic Radiance  Pois           0%         N/A       100%        4


Dungeon Overview and Level Annotations

Branches:
Dungeon (6/15)             Temple (1/1) D:4

Altars:
Ashenzari
Cheibriados
Dithmenos
Elyvilon
Fedhas
Gozag
Hepliaklqana
Kikubaaqudgha
Makhleb
Nemelex Xobeh
Okawaru
Qazlal
Ru
Sif Muna
Uskayaw
Vehumet
Wu Jian
Xom
Yredelemnul
Zin
The Shining One


Message History

Your +5 battleaxe of freezing glows with a cold blue light!
C - a +5 battleaxe of freezing (weapon)
Unknown command.
You swing at nothing.
You swing at nothing.
You swing at nothing.
There is a stone staircase leading down here.
There is a stone staircase leading down here.
You climb downwards.
The wight hits you with a +3 battleaxe of freezing!
You feel drained. The wight freezes you.
There is a stone staircase leading up here.
Unknown command.
You closely miss the wight.
The wight hits you with a +3 battleaxe of freezing!
You feel drained. The wight freezes you.
You barely miss the wight. The wight misses you.
You hit the wight.
The wight is lightly damaged.
The wight closely misses you. The wight completely misses you.
You barely miss the wight.
The wight is lightly damaged.
The wight hits you with a +3 battleaxe of freezing!
You feel drained. The wight freezes you.
You closely miss the wight.
The wight is lightly damaged.
The wight hits you with a +3 battleaxe of freezing!
* * * LOW HITPOINT WARNING * * *
The wight freezes you.
* * * LOW HITPOINT WARNING * * *
Unknown command.
As you read the scroll labelled SELIPP KUIDUTS, it crumbles to dust.
You feel strangely unstable.
It was a scroll of teleportation.
The wight hits you but does no damage.
As you read the scroll labelled DAFUWUIDDE, it crumbles to dust.
You hear a loud clanging noise!
It was a scroll of noise.
The wight hits you with a +3 battleaxe of freezing!
You die...
Your body disappears without a glow.

#..# #.....÷.÷#
. ....#
####.###÷# # ##
#.# #.# #.# #[#
. # #.# #[# #[#
#.# #.# #.# #.#
...####z# #.
#.## #.....@#
#. #..#
######## #.
##.# #. #.#
#.######.#
#........#
#.....####
##.##.####
######.........
#..........####


You could see a wight.

Vanquished Creatures
  Eustachio (D:4)
  Menkaure (D:4)
  Duvessa (D:4)
  A phantom (D:5)
  A necrophage (D:5)
  A bullfrog (D:6)
  3 wights
  Dowan (D:4)
  A howler monkey (D:6)
  A jelly (D:5)
  4 hounds
  An iguana (D:5)
  5 adders
  A white imp (D:6)
  An ufetubus (D:5)
  2 worms
  2 orcs
  5 ball pythons
  6 endoplasms
  A giant cockroach (D:1)
  3 hobgoblins
  20 jackals
  7 quokkas
  7 bats
  3 frilled lizards
  6 goblins
  7 kobolds
  4 rats
97 creatures vanquished.

Notes
Turn   | Place    | Note
-------+----------+-------------------------------------------
     0 | D:1      | Pelinal the Hill Orc Fighter began the quest for the Orb.
     0 | D:1      | Reached XP level 1. HP: 19/19 MP: 1/1
    40 | D:1      | Reached skill level 3 in Axes
   389 | D:1      | Reached XP level 2. HP: 19/26 MP: 2/2
   503 | D:1      | Reached skill level 4 in Axes
  1089 | D:1      | Reached XP level 3. HP: 31/31 MP: 3/3
  1442 | D:2      | Found a faded altar of an unknown god.
  1455 | D:2      | Reached skill level 5 in Axes
  1887 | D:2      | Reached XP level 4. HP: 34/39 MP: 4/4
  2258 | D:3      | Reached skill level 6 in Axes
  2883 | D:4      | Noticed Duvessa
  2884 | D:4      | Noticed Dowan
  3150 | D:5      | Entered Level 5 of the Dungeon
  3251 | D:5      | Reached skill level 7 in Axes
  3251 | D:5      | Reached XP level 5. HP: 36/45 MP: 5/5
  3471 | D:5      | Reached skill level 8 in Axes
  3471 | D:5      | Reached XP level 6. HP: 39/51 MP: 6/6
  3618 | D:5      | Reached skill level 9 in Axes
  4164 | D:6      | Reached XP level 7. HP: 30/57 MP: 7/7
  4179 | D:6      | Reached skill level 10 in Axes
  4506 | D:4      | Killed Duvessa
  4513 | D:4      | Killed Dowan
  4514 | D:4      | Reached skill level 11 in Axes
  4566 | D:4      | Noticed Menkaure
  4585 | D:4      | Killed Menkaure
  4816 | D:4      | Noticed Eustachio
  4841 | D:4      | Killed Eustachio
  4842 | D:4      | Reached XP level 8. HP: 57/66 MP: 8/8
  4991 | D:4      | Found a staircase to the Ecumenical Temple.
  5005 | Temple   | Entered the Ecumenical Temple
  5110 | Temple   | Became a worshipper of Nemelex Xobeh the Trickster
  5478 | D:5      | Reached skill level 12 in Axes
  5558 | D:6      | HP: 1/58 [wight/+3 battleaxe of freezing (6)]
  5560 | D:6      | Mangled by a wight

Illustrated notes

Levels and vault maps discovered:
D:1:      minmay_arrival_three_doors, layout_loops_ring
D:2:      layout_basic, ebering_ecumenical_altar_petrified, minivault_25
D:3:      layout_basic
D:4:      layout_rooms, minmay_temple_entry_offerings, uniq_duvessa,
          uniq_eustachio, uniq_menkaure
D:5:      layout_loops_ring
D:6:      minmay_chambers_of_threes, layout_loops_ring
Temple:   kilobyte_greek_temple

Skill      XL: |  1  2  3  4  5  6  7  8 |
---------------+-------------------------+-----
Axes           | 3 4 5 7 8 9 11 12 | 12.0
Fighting       | 4 |  4.2
Armour         | |  3.8
Shields        | |  3.8

Action                   |  1- 3 |  4- 6 |  7- 9 || total
-------------------------+-------+-------+-------++-------
Melee: War axe           |   128 |   138 |    77 ||   343
       Battleaxe         |       |       |     5 ||     5
  Use: Potion            |     1 |       |     1 ||     2
       Scroll            |       |       |     2 ||     2
Armor: Scale mail        |    68 |    48 |       ||   116
       Plate armour      |       |     5 |    19 ||    24
       Ring mail         |       |       |    13 ||    13
       Chain mail        |       |       |     1 ||     1
Dodge: Dodged            |    78 |    52 |    21 ||   151
Block: Buckler           |    23 |    27 |    15 ||    65

Table legend: (Time is in decaauts)
 A = Elapsed time spent in this place.
 B = Non-inter-level travel time spent in this place.
 C = Inter-level travel time spent in this place.
 D = Time resting spent in this place.
 E = Time spent auto-exploring this place.
 F = Levels seen in this place.
 G = Mean time per level.
                   A        B        C        D        E       F      G
               +--------+--------+--------+--------+--------+-----+--------+
         Total |   5630 |   5453 |    177 |   1525 |   3029 |   7 |  804.3 |
       Dungeon |   5481 |   5311 |    170 |   1525 |   2897 |   6 |  913.5 |
        Temple |    148 |    141 |      7 |      0 |    132 |   1 |  148.0 |
               +--------+--------+--------+--------+--------+-----+--------+

Top non-repeatable levels by time:
     D:1: 1257 daAuts
     D:5: 1248 daAuts
     D:3: 886 daAuts
     D:2: 849 daAuts
     D:4: 823 daAuts
     D:6: 417 daAuts
  Temple: 148 daAuts
